AoeStats
← NhymeL

Arabia

509125211Analyzed
1v1 RM · 8d ago on Sep 25, 2026· 32m 53s· 2 players
Game mode
Random Map
Map size
Tiny (2 player)
Population
200
Speed
Normal
Resources
Standard
Victory
Conquest
Starting age
Dark Age
Ending age
Imperial Age
RankedLock teamsTeams togetherTeam positionsShared explorationLock speedFull tech treeHidden civsTurbo modeCheats
Victory
Defeat
🇲🇽 Japanese · Mexico
848
+15
🇹🇷 Franks · Türkiye
821
-39
NhymeL
5:43 Loom
10:29 Feudal Age
12:44 Double-Bit Axe
19:23 Castle Age
17:38 Town Watch
18:30 Scale Barding Armor
19:42 Forging
19:34 Scale Mail Armor
19:42 Arson
21:05 Wheelbarrow
20:53 Gambesons
20:30 Pikeman
21:12 Squires
21:54 Bow Saw
21:59 Arson
23:34 Chain Barding Armor
22:54 Light Cavalry
24:23 Gold Mining
24:39 Fletching
27:48 Husbandry
27:51 Stone Mining
29:09 Iron Casting
29:38 Bodkin Arrow
29:59 Chain Mail Armor
30:23 Gold Shaft Mining
31:26 Padded Archer Armor
EL TAHUR PROFESIONAL
2:05 Loom
10:09 Feudal Age
19:15 Castle Age
20:41 Pikeman
25:26 Forging
25:20 Scale Mail Armor
25:27 Town Watch
26:18 Wheelbarrow
27:03 Squires
29:56 Horse Collar
30:43 Arson
Connection lost

Rejoining the realm…

Still unreachable

The connection could not be restored.

Session expired

The server has moved on; the page needs a fresh start.